 Dungeon Crawl Stone Soup version 0.18.1-8-gdd0e5ea (webtiles) character file.

865 M4edhros the Martial Artist (level 8, -8/46 HPs)
             Began as an Octopode Necromancer on June 6, 2016.
             Was a Follower of Cheibriados.
             Shot with an arrow by a centaur (17 damage)
             ... on level 7 of the Dungeon.
             The game lasted 00:17:01 (1972 turns).

M4edhros the Martial Artist (Octopode Necromancer)  Turns: 1972, Time: 00:17:02

Health: -8/46      AC:  1    Str: 10      XL:     8   Next: 3%
Magic:  11/11      EV: 14    Int: 20 (21) God:    Cheibriados [*.....]
Gold:   137        SH:  3    Dex: 16 (17) Spells: 3 memorised, 6 levels left

rFire  . . .     SeeInvis .       - Unarmed
rCold  . . .     Gourm    .     (no shield)
rNeg   . . .     Faith    .     (helmet restricted)
rPois  .         Spirit   .     f - +3 amulet of reflection
rElec  .         Dismiss  .     (no ring)
rCorr  .         Reflect  +     (no ring)
SustAt .         Harm     .     (no ring)
MR     .....                    (no ring)
Stlth  +++.......               (no ring)
                                (no ring)
                                (no ring)
                                (no ring)

@: about to teleport, marked, very slow, not resistant to hostile enchantments,
fairly stealthy
A: almost no armour, amphibious, 8 rings, constrict 8, repulsion field 1,
camouflage 1, deterioration 1, gelatinous body 1, no device heal 1
a: Bend Time, Renounce Religion


You were on level 7 of the Dungeon.
You worshipped Cheibriados.
Cheibriados was aware of your devotion.
You were not hungry.

You visited 2 branches of the dungeon, and saw 8 of its levels.

You collected 164 gold pieces.
You spent 27 gold pieces at shops.

Inventory:

Hand Weapons
 c - a +0 dagger of venom
Missiles
 k - 3 tomahawks (quivered)
Jewellery
 f - a +3 amulet of reflection (around mantle)
 i - an uncursed amulet of the gourmand
Scrolls
 h - a scroll of holy word
 l - a scroll of enchant armour
 n - a scroll of recharging
Potions
 p - a potion of flight
Books
 a - a book of Necromancy

   Spells                             Type                      Level
   a - Pain                           Necromancy                   1
   b - Animate Skeleton               Necromancy                   1
   c - Vampiric Draining              Necromancy                   3
   d - Regeneration                   Charms/Necromancy            3
   e - Animate Dead                   Necromancy                   4
   f - Control Undead                 Necromancy                   4
Comestibles
 b - 5 bread rations
 g - 3 beef jerkies
 m - 3 meat rations
 o - a slice of pizza


   Skills:
 + Level 0.2 Fighting
 + Level 2.0 Dodging
 - Level 2.6 Stealth
 + Level 8.7 Unarmed Combat
 - Level 2.0 Spellcasting
 - Level 4.0 Necromancy


You had 6 spell levels left.
You knew the following spells:

 Your Spells              Type           Power        Failure   Level  Hunger
a - Pain                  Necr           ###.         2%          1    #......
b - Animate Skeleton      Necr           N/A          2%          1    #......
r - Regeneration          Chrm/Necr      ##........   21%         3    ###....


Dungeon Overview and Level Annotations

Branches:
Dungeon (7/15)             Temple (1/1) D:7

Altars:
Cheibriados
Pakellas
Ru

Shops:
D:6 *

Annotations:
D:5 Pikel


Innate Abilities, Weirdness & Mutations

You cannot wear most types of armour.
You are amphibious.
You can wear up to eight rings at the same time.
You can use your tentacles to constrict eight enemies at once.
Your skin changes colour to match your surroundings (Stealth).
Your rubbery body absorbs attacks (AC +1).
You are surrounded by a mild repulsion field (EV +2).
Your body sometimes deteriorates upon taking damage.
Potions and wands are less effective at restoring your health.


Message History

Okay, then.
The centaur shoots an arrow.
The arrow hits you!
The kobold throws a stone.
The stone misses you.
The stone hits your kobold skeleton but does no damage.
The kobold misses you.
Your kobold skeleton barely misses the big kobold.
You see here an arrow.
Read which item? (? for menu, Esc to quit)
As you read the scroll of teleportation, it crumbles to dust.
You feel strangely unstable.
The centaur shoots an arrow.
The arrow barely misses you. The kobold closely misses you.
The big kobold hits you. The kobold misses you.
The centaur shoots an arrow.
The arrow hits you!
* * * LOW HITPOINT WARNING * * *
All of the chunks of flesh in your inventory have rotted away.
An ooze comes into view.
Unknown command.
An iguana comes into view.
The centaur shoots an arrow.
The arrow hits you!
You die...

#. .# #.#.Z.#..# J###%#
####.##.....#
####....####....##..#...
#...Z..K..##....##......
#.....K...##....#..)...#
#.........##....#.##...#
#....KKZ..##....#......#
#....K(.........#####..#
#....(Z@........# #...
#............##.# #...
#....(..........# #...
#.........###...# #...
#.........# #...# #...
#.........# #...# #...
########.c.......# #...#
#...
#.......l........###...#
#...
#...........##......[..#
#...


You could see a big kobold, a centaur, an iguana, an ooze, a howler monkey
zombie, 4 kobolds, a centaur skeleton and a friendly kobold skeleton.

Vanquished Creatures
  The ghost of georgeearnest the Shield-Bearer, an amateur FoFi (D:4)
  An orc warrior (D:7)
  A centaur (D:6)
  2 giant frogs
  A crimson imp (D:7)
  A hound (D:4)
  A centaur skeleton (D:7)
  2 orc wizards (D:4)
  An iguana (D:7)
  3 worker ants
  A gnoll (D:7)
  2 adders (D:2)
  2 shadow imps
  An adder skeleton (D:4)
  A dart slug (D:1)
  2 giant geckos (D:1)
  11 orcs
  2 ball pythons
  A giant cockroach (D:1)
  16 goblins
  12 hobgoblins
  2 jackals (D:1)
  2 quokkas
  6 bats
  A giant gecko skeleton (D:4)
  3 giant newts
  A jackal skeleton (D:4)
  5 kobolds
  3 rats
88 creatures vanquished.

Vanquished Creatures (collateral kills)
  A gnoll (D:7)
  2 hobgoblins
  2 kobolds (D:7)
5 creatures vanquished.

Grand Total: 93 creatures vanquished

Notes
Turn   | Place    | Note
--------------------------------------------------------------
     0 | D:1      | M4edhros the Octopode Necromancer began the quest for the Orb.
     0 | D:1      | Reached XP level 1. HP: 11/11 MP: 3/3
    67 | D:1      | Reached skill level 1 in Unarmed Combat
    71 | D:1      | Reached XP level 2. HP: 9/17 MP: 1/5
    81 | D:1      | Learned a level 1 spell: Animate Skeleton
   203 | D:1      | Reached skill level 2 in Unarmed Combat
   358 | D:1      | Reached XP level 3. HP: 4/21 MP: 3/6
   373 | D:1      | Learned a level 3 spell: Regeneration
   494 | D:2      | Reached skill level 3 in Unarmed Combat
   701 | D:4      | Found an oddly glowing altar of Pakellas.
   718 | D:4      | Reached XP level 4. HP: 21/27 MP: 7/7
   782 | D:4      | Reached skill level 4 in Unarmed Combat
   790 | D:4      | Reached XP level 5. HP: 12/31 MP: 8/8
   955 | D:4      | Noticed georgeearnest's ghost (amateur FoFi)
   977 | D:4      | Killed georgeearnest's ghost
   977 | D:4      | Reached skill level 6 in Unarmed Combat
   977 | D:4      | Reached XP level 6. HP: 12/36 MP: 7/9
  1118 | D:3      | Reached XP level 7. HP: 41/41 MP: 6/10
  1168 | D:5      | Entered Level 5 of the Dungeon
  1168 | D:5      | Noticed Pikel
  1195 | D:6      | Reached skill level 7 in Unarmed Combat
  1386 | D:6      | Found Niaj's General Store.
  1389 | D:6      | Bought a potion of mutation for 27 gold pieces
  1389 | D:6      | Gained mutation: Your body sometimes deteriorates upon taking damage. [potion of mutation]
  1389 | D:6      | Gained mutation: Potions and wands are less effective at restoring your health. [potion of mutation]
  1389 | D:6      | Gained mutation: You are surrounded by a mild repulsion field (EV +2). [potion of mutation]
  1462 | D:7      | Found a staircase to the Ecumenical Temple.
  1472 | Temple   | Entered the Ecumenical Temple
  1496 | Temple   | Became a worshipper of Cheibriados the Contemplative
  1526 | D:7      | Reached skill level 8 in Unarmed Combat
  1769 | D:7      | Reached * piety under Cheibriados
  1793 | D:7      | Reached XP level 8. HP: 27/46 MP: 2/11
  1972 | D:7      | Shot with an arrow by a centaur

Skill      XL: |  1  2  3  4  5  6  7 |
---------------+----------------------+-----
Unarmed Combat | 1 2 3 4 6 8 |  8.7
Fighting       | |  0.2
Dodging        | |  2.0
Stealth        | |  2.6
Spellcasting   | |  2.0
Necromancy     | |  4.0

Action                   |  1- 3 |  4- 6 |  7- 9 || total
-------------------------+-------+-------+-------++-------
Melee: Unarmed           |    24 |    18 |    60 ||   102
       Constrict         |    12 |    10 |    26 ||    48
       Tentacles         |     8 |    10 |    16 ||    34
       Dagger            |    24 |    41 |    29 ||    94
       Punch             |       |     2 |     2 ||     4
 Cast: Pain              |    15 |       |       ||    15
       Animate Skeleton  |    12 |     2 |    11 ||    25
       Regeneration      |     2 |    10 |    12 ||    24
  Use: Potion            |     1 |     3 |     1 ||     5
       Scroll            |       |       |     6 ||     6
 Stab: Sleeping          |     1 |     2 |     8 ||    11
  Eat: Chunk             |       |     7 |     3 ||    10
Armor: Skin              |     4 |    22 |     4 ||    30
Dodge: Dodged            |    34 |    23 |    52 ||   109
Block: Other             |     1 |       |     5 ||     6
